 Dungeon Crawl Stone Soup version 0.21.1-1-g345015fe64 (webtiles) character file.

93 WBergamot the Shield-Bearer (level 4, -4/41 HPs)
             Began as a Minotaur Fighter on July 12, 2018.
             Slain by a gnoll sergeant
             ... wielding a +0 spear
              (6 damage)
             ... on level 3 of the Dungeon.
             The game lasted 00:30:30 (2189 turns).

WBergamot the Shield-Bearer (Minotaur Fighter)      Turns: 2189, Time: 00:30:30

Health: -4/41      AC:  7    Str: 21    XL:     4   Next: 36%
Magic:  3/3        EV:  7    Int:  5    God:
Gold:   58         SH:  9    Dex: 10    Spells: 3/3 levels left

rFire    . . .     SeeInvis .   v - +0 blowgun
rCold    . . .     Gourm    .   c - +0 shield
rNeg     . . .     Faith    .   b - +0 scale mail
rPois    .         Spirit   .   (helmet restricted)
rElec    .         Reflect  .   (no cloak)
rCorr    .         Harm     .   (no gloves)
MR       .....                  (no boots)
Stlth    ..........             (no amulet)
HPRegen  0.13/turn              (no ring)
MPRegen  0.08/turn              (no ring)

@: no status effects
A: retaliatory headbutt, horns 2
a: no special abilities


You were on level 3 of the Dungeon.
You were not hungry.

You visited 1 branch of the dungeon, and saw 4 of its levels.

You collected 58 gold pieces.

Inventory:

Hand Weapons
 a - a +0 war axe
 g - a +0 hunting sling
 l - a +2 dagger of venom
 v - a +0 blowgun (weapon)
Missiles
 h - 44 stones
 j - 8 poisoned needles (quivered)
 o - 23 sling bullets
 p - 8 tomahawks
 w - 4 needles of frenzy
Armour
 b - a +0 scale mail (worn)
 c - a +0 shield (worn)
 k - a +0 helmet of see invisible
Jewellery
 u - a cursed ring of poison resistance {unknown}
Wands
 s - a wand of digging (11)
Scrolls
 e - 3 scrolls of teleportation {unknown}
 i - a scroll of fog {unknown}
 m - 5 scrolls of identify {unknown}
 q - a scroll of random uselessness {unknown}
 t - a scroll of enchant weapon {unknown}
 x - 3 scrolls of amnesia {unknown}
Potions
 d - a potion of might
 n - 3 potions of curing {unknown}
Comestibles
 f - 4 rations
 r - 2 chunks of flesh


   Skills:
 + Level 4.4 Fighting
 + Level 3.3 Axes
 + Level 4.4 Armour
 + Level 0.5 Dodging
 + Level 4.4 Shields


You had 3 spell levels left.
You didn't know any spells.

Dungeon Overview and Level Annotations

Branches:
Dungeon (4/15)
 Temple: D:4-7

Altars:

Annotations:
D:3 exclusion: downstairs
D:4 AAA992's ghost, novice MiGl


Innate Abilities, Weirdness & Mutations

You reflexively headbutt those who attack you in melee.
You have a pair of horns on your head.


Message History

You rip the net and break free!
You block the gnoll sergeant's attack.
The gnoll hits you from afar with a halberd.
The gnoll sergeant throws a throwing net.
The throwing net hits you.
You become entangled in the net!
You see here a throwing net.
You tear a large gash into the net.
You struggle against the net.
You struggle against the net.
The gnoll sergeant hits you from afar with a spear.
The gnoll hits you from afar with a halberd.
The gnoll hits you with a whip.
* * * LOW HITPOINT WARNING * * *
You rip the net and break free!
You block the gnoll sergeant's attack.
The gnoll hits you from afar with a halberd.
* * * LOW HITPOINT WARNING * * *
The gnoll hits you but does no damage. The gnoll barely misses you.
The gnoll hits you!
* * * LOW HITPOINT WARNING * * *
The gnoll sergeant hits you from afar with a spear.
You die...

##..## #.#.(.#......... #....##
#....##.....%... #.##..# #.#(#
#.........
#.###.###.(.###.<.......
#.##.......(....#..o....
#.##......(...## o......
##.##.....ggg..# .......
#####..........gg..# .......
#.....###.......@..# .....?.
#.....# ######.%...# ###=##. ##
#.....# #.###.# #.# #. #.....#
##.# #.### #.# #. #.....# #..#
#...####.### #. #.....# ###.##
###........####.
#.....#####...######........<....
..........[.......[..........###.
###########.......############ #.


You could see a gnoll sergeant and 4 gnolls.

Vanquished Creatures
  A worker ant (D:2)
  An adder (D:2)
  2 dart slugs
  A leopard gecko (D:1)
  2 orcs
  14 bats
  2 giant cockroaches
  5 goblins
  4 hobgoblins (D:1)
  4 jackals (D:1)
  7 kobolds
  A ball python (D:1)
  2 frilled lizards (D:1)
  5 rats
51 creatures vanquished.

Notes
Turn   | Place    | Note
-------+----------+-------------------------------------------
     0 | D:1      | WBergamot the Minotaur Fighter began the quest for the Orb.
     0 | D:1      | Reached XP level 1. HP: 19/19 MP: 0/0
   386 | D:1      | Reached XP level 2. HP: 27/27 MP: 1/1
   739 | D:1      | Reached XP level 3. HP: 33/33 MP: 2/2
  1502 | D:2      | Reached XP level 4. HP: 41/41 MP: 3/3
  2067 | D:4      | Noticed AAA992's ghost (novice MiGl)
  2172 | D:3      | Noticed a gnoll sergeant
  2189 | D:3      | HP: 2/41 [gnoll (7)]
  2189 | D:3      | Slain by a gnoll sergeant

Skill      XL: |  1  2 |
---------------+-------+-----
Shields        | 4 |  4.4
Armour         | 4 |  4.4
Fighting       | 4 |  4.4
Axes           | 3 |  3.3
Dodging        | |  0.5

Action                   |  1- 3 |  4- 6 || total
-------------------------+-------+-------++-------
Melee: War axe           |    71 |    22 ||    93
       Headbutt          |    10 |     4 ||    14
       Dagger            |     3 |       ||     3
 Fire: Blowgun           |       |     7 ||     7
  Eat: Chunk             |     2 |     2 ||     4
Armor: Scale mail        |    38 |    10 ||    48
Dodge: Dodged            |    25 |     9 ||    34
Block: Shield            |    37 |     9 ||    46
